 Dungeon Crawl Stone Soup version 0.24.0-123-gd5b16e6ec5 (webtiles) character file.

Game seed: 16941752930169615524, levelgen mode: deterministic

51 Martska the Charmwright (level 4, 0/34 HPs)
             Began as a Human Skald on Feb 10, 2020.
             Slain by Natasha (6 damage)
             ... on level 2 of the Dungeon.
             The game lasted 00:02:14 (1635 turns).

Martska the Charmwright (Human Skald)               Turns: 1635, Time: 00:02:15

Health: 0/34       AC:  3    Str: 12    XL:     4   Next: 5%
Magic:  5/7        EV: 12    Int: 14    God:
Gold:   145        SH:  0    Dex: 12    Spells: 1/7 levels left

rFire    . . .     SeeInvis .   a - +0 falchion
rCold    . . .     Gourm    .   (no shield)
rNeg     . . .     Faith    .   b - +0 leather armour
rPois    .         Spirit   .   (no helmet)
rElec    .         Reflect  .   (no cloak)
rCorr    .         Harm     .   (no gloves)
MR       .....                  (no boots)
Stlth    +.........             (no amulet)
HPRegen  0.11/turn              (no ring)
MPRegen  0.10/turn              (no ring)

@: infused, slowed, very slow
A: no striking features
a: no special abilities


You were on level 2 of the Dungeon.
You were hungry.

You visited 1 branch of the dungeon, and saw 2 of its levels.

You collected 145 gold pieces.

Inventory:

Hand Weapons
 a - a +0 falchion (weapon)
Armour
 b - a +0 leather armour (worn)
Scrolls
 c - a scroll of identify
 e - a scroll of random uselessness
 h - a scroll of blinking {unknown}
 k - a scroll of enchant armour {unknown}
Potions
 f - a potion of curing {unknown}
 g - 2 potions of agility {unknown}
 i - a potion of might {unknown}
 j - a potion of berserk rage {unknown}
Comestibles
 d - 2 rations


   Skills:
 * Level 2.5 Fighting
 * Level 2.6 Long Blades
 + Level 1.4 Armour
 + Level 2.2 Dodging
 + Level 2.2 Spellcasting
 + Level 0.0 Hexes
 + Level 3.2 Charms
 + Level 0.5 Translocations


You had one spell level left.
You knew the following spells:

 Your Spells              Type           Power        Failure   Level  Hunger
a - Infusion              Chrm           ##..         8%          1    #......
b - Shroud of Golubria    Chrm/Tloc      #.....       21%         2    ###....
c - Spectral Weapon       Hex/Chrm       #.......     43%         3    ###....

Your spell library contained the following spells:

 Spells                   Type           Power        Failure   Level  Hunger
 Song of Slaying          Chrm           ##......     12%         2    ###....
 Regeneration             Chrm/Necr      #.........   43%         3    ###....


Dungeon Overview and Level Annotations

Branches:
Dungeon (2/15)

Altars:

Annotations:
D:2 Natasha


Message History

Natasha mumbles some strange words.
You barely miss Natasha. Natasha misses you.
The crimson imp hits you but does no damage.
Natasha casts a spell at you. The magic dart hits you!
You hit Natasha.
Natasha is heavily wounded.
The crimson imp hits you. Natasha claws you.
The crimson imp blinks!
You barely miss Natasha.
Natasha is heavily wounded.
Natasha claws you!
The crimson imp hits you but does no damage.
Natasha stares at you and mumbles some strange words.
You resist with some effort.
The crimson imp blinks!
You hit Natasha!
Natasha is almost dead.
Natasha claws you.
* * * LOW HITPOINT WARNING * * *
Natasha claws you.
You die...

#....## #.
#.#.## #. #.#.#
#.######.#.#
...........#
#.######.###
######. #.#
......ยง######.#
......h@......#
#####.5########
#.. #.. ..? ##.#
#. #.


You could see Natasha and a crimson imp.

Vanquished Creatures
  2 adders (D:2)
  A worm (D:2)
  2 dart slugs
  2 giant cockroaches (D:1)
  4 hobgoblins
  5 bats (D:1)
  2 frilled lizards
  3 goblins (D:1)
  2 kobolds
  6 rats
29 creatures vanquished.

Notes
Turn   | Place    | Note
-------+----------+-------------------------------------------
     0 | D:1      | Martska the Human Skald began the quest for the Orb.
     0 | D:1      | Reached XP level 1. HP: 16/16 MP: 3/3
   230 | D:1      | Reached XP level 2. HP: 18/22 MP: 5/5
   244 | D:1      | Learned a level 2 spell: Shroud of Golubria
   960 | D:1      | Reached XP level 3. HP: 27/27 MP: 6/6
  1438 | D:2      | Reached XP level 4. HP: 25/34 MP: 2/7
  1450 | D:2      | Learned a level 3 spell: Spectral Weapon
  1626 | D:2      | Noticed Natasha
  1635 | D:2      | Slain by Natasha

Levels and vault maps discovered:
D:1:      zelgadis_glass_arrival_small, layout_basic
D:2:      layout_loops_ring, uniq_jessica, uniq_natasha

Action                   |  1- 3 |  4- 6 || total
-------------------------+-------+-------++-------
Melee: Falchion          |    90 |     7 ||    97
 Cast: Infusion          |     4 |     1 ||     5
  Use: Scroll            |     1 |       ||     1
  Eat: Chunk             |     1 |     1 ||     2
Armor: Leather armour    |    46 |     3 ||    49
Dodge: Dodged            |    90 |     3 ||    93
       Rpst.: Falchion   |    29 |       ||    29
